Map: Breakwater LE

Players

Ekelpack - Winner!

  • Race: Zerg Zerg
  • Spawn Location: 1:00

Nyck - Winner!

  • Race: Terran Terran
  • Spawn Location: 1:00

IAmLegend

  • Race: Zerg Zerg
  • League: Platinum
  • Spawn Location: 7:00

Wombatarmy

  • Race: Zerg Zerg
  • Spawn Location: 7:00

VOD

Have the link to the VOD?

Description

Time

  • Played on: April 15, 2025, 3:18 p.m.
  • Length: 11:12
Show
View Real Time Build Order
Export as new Build Order

Ekelpack Zerg - Winner!

Build Orders: Hatch First 

Get SALT Encoding   

  12  0:00  Drone  
  13  0:12  Overlord  
  13  0:16  Drone  
  14  0:30  Drone x2  
  14  0:34  Drone  
  17  0:45  Drone  
  18  0:55  Hatchery  
  18  0:57  Drone  
  18  0:59  Extractor  
  17  1:13  Spawning Pool  
  17  1:15  Drone  
  17  1:20  Drone  
  18  1:28  Drone  
  19  1:38  Drone  
  20  2:00  Metabolic Boost  
  20  2:01  Queen  
  20  2:06  Queen  
  20  2:07  Drone  
  25  2:13  Drone  
  25  2:14  Overlord  
  26  2:17  Drone  
  26  2:20  Drone  
  28  2:32  Drone x2  
  30  2:37  Lair  
  30  2:56  Spine Crawler  
  30  2:57  Spine Crawler  
  28  2:59  Spine Crawler  
  28  3:00  Zergling x8  
  28  3:01  Zergling x2  
  28  3:05  Drone  
  33  3:13  Drone  
  33  3:17  Extractor  
  33  3:21  Queen  
  33  3:23  Drone  
  33  3:26  Extractor  
  35  3:31  Drone  
  35  3:33  Overlord  
  36  3:37  Extractor  
  32  3:57  Drone x2  
  32  3:58  Drone x4  
  36  4:12  Spire  
  36  4:15  Drone x3  
  36  4:16  Overlord  
  38  4:18  Drone  
  38  4:21  Drone x2  
  41  4:35  Overlord  
  41  4:38  Drone x3  
  44  4:41  Drone  
  45  4:49  Overlord  
  45  4:51  Drone  
  46  4:56  Zergling x2  
  46  4:57  Zergling x6  
  50  5:08  Overlord  
  50  5:23  Mutalisk  
  50  5:24  Mutalisk x6  
  64  5:31  Zerg Flyer Weapons Level 1  
  64  5:39  Overlord  
  64  6:00  Infestation Pit  
  64  6:01  Zergling x2  
  64  6:02  Zergling x16  
  72  6:06  Evolution Chamber  
  72  6:10  Hatchery  
  70  6:52  Zergling x16  
  70  6:53  Zergling x4  
  80  7:00  Hive  
  80  7:01  Zerg Melee Weapons Level 1  
  80  7:07  Evolution Chamber  
  79  7:17  Drone x4  
  79  7:22  Queen  
  85  7:23  Overlord x2  
  85  7:29  Drone  
  86  7:30  Overlord  
  86  7:36  Zerg Ground Armor Level 1  
  86  7:43  Zergling x2  
  86  7:44  Zergling x12  
  79  8:13  Zergling x16  
  72  8:22  Mutalisk  
  67  8:30  Spore Crawler  
  67  8:31  Spore Crawler  
  67  8:32  Drone x5  
  67  8:33  Drone  
  71  8:39  Spore Crawler  
  70  8:42  Spore Crawler  
  70  8:43  Drone  
  70  8:44  Spore Crawler  
  70  8:46  Adrenal Glands  
  69  8:52  Ultralisk Cavern, Zergling x8  
  69  8:53  Zergling x2  
  73  9:06  Extractor  
  73  9:08  Extractor  
  68  9:31  Drone x2  
  68  9:32  Drone x2, Overlord x2  
  68  9:33  Pneumatized Carapace  
  68  9:38  Zergling x12  
  74  10:31  Ultralisk x4  
  74  10:32  Ultralisk  
  104  10:36  Drone x3  
Show
View Real Time Build Order
Export as new Build Order

Nyck Terran - Winner!

Build Orders:  

Get SALT Encoding   

  12  0:00  SCV  
  13  0:12  SCV  
  14  0:16  Supply Depot  
  14  0:24  SCV  
  15  0:38  SCV  
  15  0:41  Barracks  
  16  0:47  Refinery  
  16  0:50  SCV  
  17  1:02  SCV  
  18  1:16  SCV  
  19  1:28  SCV  
  19  1:30  Reaper  
  21  1:34  Supply Depot  
  21  1:42  Command Center  
  21  1:50  Orbital Command  
  21  2:01  Refinery  
  21  2:10  Barracks Tech Lab  
  21  2:16  SCV, Barracks  
  22  2:29  Marine  
  23  2:31  Combat Shield  
  23  2:39  SCV  
  23  3:00  Barracks x2  
  23  3:03  Orbital Command  
  23  3:20  SCV  
  23  3:23  Bunker  
  23  3:26  Marine, Marauder  
  27  3:33  SCV  
  27  3:34  SCV  
  29  3:42  Orbital Command  
  29  3:43  Marine  
  29  3:47  Marauder  
  32  3:54  Marine x2  
  34  4:01  Marine  
  34  4:08  Marine  
  35  4:12  Marine x2  
  35  4:14  SCV x2  
  39  4:19  Marine  
  39  4:20  Concussive Shells  
  39  4:21  Bunker  
  40  4:26  Marauder  
  40  4:30  Marine x2  
  44  4:34  Refinery  
  44  4:35  SCV  
  44  4:36  SCV  
  46  4:59  Supply Depot  
  46  5:10  Stimpack  
  46  5:13  Barracks Reactor  
  46  5:14  Barracks Reactor  
  46  5:17  Barracks Reactor  
  46  5:21  SCV x2  
  48  5:22  Supply Depot  
  48  5:32  Command Center  
  48  5:33  SCV x2  
  50  5:44  Supply Depot  
  50  5:45  SCV x2  
  52  5:55  Marine x4  
  52  5:56  Marine x2  
  58  6:02  Engineering Bay  
  58  6:03  Engineering Bay  
  58  6:06  Command Center  
  58  6:07  Factory  
  58  6:11  Marine  
  59  6:18  Marine x2  
  59  6:19  Marine  
  59  6:23  SCV x2  
  64  6:30  Refinery  
  64  6:33  Terran Infantry Weapons Level 1  
  64  6:34  Terran Infantry Armor Level 1  
  64  6:46  Marine x4  
  68  6:47  Marine x2  
  68  6:48  Marine  
  68  6:51  Armory  
  68  6:53  SCV x2  
  73  7:01  Planetary Fortress  
  73  7:05  Marine x2  
  75  7:14  SCV x2  
  77  7:16  Marine x2  
  77  7:18  Marine  
  77  7:19  Orbital Command  
  80  7:26  SCV  
  80  7:27  SCV  
  82  7:32  Marine x2  
  82  7:33  Marine x2  
  86  7:39  SCV x2  
  86  7:40  Starport  
  86  7:43  Factory Reactor  
  88  8:29  Marine x3  
  88  8:30  Marine x4  
  88  8:32  SCV x3  
  98  8:36  Missile Turret  
  98  8:39  Refinery  
  98  8:40  SCV  
  98  8:41  Refinery  
  99  8:44  SCV  
  99  8:46  Missile Turret  
  100  8:51  Missile Turret  
  100  8:54  SCV  
  101  8:56  Missile Turret  
  101  9:00  Supply Depot  
  101  9:02  Factory Tech Lab  
  101  9:03  Medivac x2  
  101  9:07  Missile Turret  
  104  9:12  Missile Turret  
  99  9:17  SCV x2  
  99  9:18  SCV, Marine x4  
  99  9:19  Marine x2  
  99  9:21  Marine  
  99  9:22  Supply Depot  
  109  9:27  Missile Turret  
  109  9:30  SCV x3  
  109  9:31  SCV  
  113  9:36  Marine x2, Medivac  
  116  9:44  Marine x2, Medivac  
  116  9:45  Supply Depot  
  120  9:47  Supply Depot  
  120  9:53  Barracks  
  120  9:56  Thor  
  120  9:59  SCV x3  
  129  10:05  SCV, Missile Turret  
  130  10:07  Missile Turret  
  130  10:08  Supply Depot  
  130  10:10  Supply Depot  
  130  10:11  SCV x3  
  133  10:17  SCV  
  134  10:21  Viking x2  
  134  10:22  Marine  
  134  10:23  Marine x6  
  145  10:28  Missile Turret  
  145  10:35  Supply Depot  
  145  10:40  Marine, Armory  
  146  10:42  Barracks  
Show
View Real Time Build Order
Export as new Build Order

IAmLegend Zerg 

Build Orders: Hatch First 

Get SALT Encoding   

  12  0:00  Drone  
  13  0:13  Overlord  
  13  0:20  Drone  
  14  0:24  Extractor  
  14  0:25  Drone  
  15  0:33  Drone  
  16  0:42  Drone  
  17  0:57  Hatchery  
  17  1:04  Drone  
  17  1:06  Drone  
  18  1:14  Extractor  
  18  1:16  Spawning Pool  
  18  1:17  Drone  
  17  1:28  Drone  
  17  1:30  Drone  
  19  1:40  Drone  
  20  1:51  Overlord  
  20  2:08  Queen  
  20  2:10  Queen  
  20  2:12  Zergling x6  
  27  2:19  Metabolic Boost  
  27  2:21  Zergling x2  
  28  2:31  Zergling x4  
  29  2:52  Zergling x4  
  29  2:53  Zergling x4  
  33  3:02  Drone  
  34  3:06  Zergling x4  
  36  3:27  Overlord  
  26  4:05  Drone x5  
  26  4:06  Drone x8  
  39  4:19  Queen  
  41  4:28  Lair  
  41  4:36  Drone x3  
  44  4:38  Extractor  
  44  4:40  Extractor  
  44  4:41  Extractor  
  41  4:46  Overlord  
  41  4:48  Overlord  
  41  4:51  Overlord  
  41  4:54  Drone x3  
  44  5:08  Drone x4  
  44  5:11  Drone x2  
  50  5:30  Drone  
  51  5:40  Overlord x2  
  51  5:44  Drone, Spire  
  51  5:45  Drone, Evolution Chamber  
  52  5:57  Drone  
  52  5:59  Overlord  
  52  6:02  Hatchery  
  51  6:11  Queen  
  51  6:14  Spore Crawler  
  52  6:24  Spore Crawler  
  51  6:47  Queen  
  53  7:00  Mutalisk x6  
  53  7:01  Mutalisk x5  
  65  7:07  Overlord x2  
  75  7:22  Queen  
  75  7:25  Mutalisk x3  
  75  7:26  Mutalisk x2  
  87  7:42  Queen  
  87  7:43  Drone x4  
  87  7:44  Drone x3  
  96  7:51  Zerg Flyer Armor Level 1  
  96  7:52  Zerg Ground Armor Level 1  
  96  7:56  Overlord x2  
  96  7:57  Overlord, Extractor  
  95  8:00  Spore Crawler  
  95  8:01  Drone x5, Spore Crawler  
  84  8:28  Zergling x2  
  84  8:29  Zergling x14  
  92  8:48  Drone x2  
  92  8:49  Drone  
  92  8:52  Extractor  
  92  8:53  Mutalisk x5  
  92  8:54  Mutalisk  
  103  9:12  Mutalisk x3  
  105  9:44  Zergling x6  
  105  9:45  Zergling x16  
  115  9:46  Zergling x2  
  117  9:59  Overlord x3  
  117  10:19  Mutalisk x2  
  117  10:20  Mutalisk x8  
  137  10:45  Hatchery, Extractor  
  114  10:51  Extractor  
Show
View Real Time Build Order
Export as new Build Order

Wombatarmy Zerg 

Build Orders: Pool First 

Get SALT Encoding   

  12  0:00  Drone  
  13  0:09  Drone  
  14  0:27  Spawning Pool  
  13  0:29  Drone  
  14  0:35  Extractor  
  14  0:36  Drone  
  14  0:41  Overlord  
  15  0:58  Extractor  
  15  1:00  Drone  
  15  1:01  Drone  
  16  1:05  Drone  
  17  1:13  Queen  
  17  1:18  Overlord  
  19  1:41  Roach Warren  
  18  1:51  Drone  
  19  2:17  Extractor  
  19  2:21  Roach  
  19  2:22  Roach x5  
  30  2:36  Overlord  
  30  2:47  Hatchery  
  29  2:57  Drone  
  31  2:58  Drone x3  
  33  3:12  Drone x2  
  35  3:28  Lair  
  35  3:29  Drone x3  
  35  3:32  Overlord  
  36  4:08  Drone  
  36  4:09  Queen  
  39  4:16  Drone  
  40  4:33  Drone  
  40  4:38  Roach x2  
  45  4:39  Roach x3  
  45  4:40  Overlord  
  51  4:46  Evolution Chamber  
  51  4:47  Evolution Chamber  
  49  5:17  Drone x4  
  49  5:20  Zerg Ground Armor Level 1, Zerg Missile Weapons Level 1  
  53  5:24  Hydralisk Den, Drone x2  
  53  5:25  Drone  
  53  5:27  Drone x5  
  60  5:34  Overlord x2  
  60  6:15  Extractor x2, Hydralisk x5  
  68  6:31  Hydralisk  
  68  6:32  Hydralisk  
  60  6:46  Hydralisk x4  
  64  7:09  Overlord  
  64  7:10  Overlord x2  
  64  7:35  Muscular Augments  
  64  7:37  Glial Reconstitution  
  64  7:58  Drone x5  
  41  8:24  Roach  
  41  8:25  Roach x6  
  41  8:27  Queen  
  45  8:31  Zerg Missile Weapons Level 2  
  45  8:33  Roach  
  45  8:34  Roach x3  
  55  8:51  Roach x2  
  59  8:58  Roach x3  
  65  9:17  Roach  
  65  9:18  Roach x3  
  73  9:24  Drone x3  
  73  9:25  Drone x3  
  79  9:43  Drone x4  
  83  9:49  Overlord x3  
  77  10:12  Roach  
  77  10:13  Roach x6  
Tags
 
Add a new tag
Caveats
  • Supply blocks, unpowered buildings, or Contaminate may cause inaccurate times.
  • Supply counts are checked every 10 seconds.